 Dungeon Crawl Stone Soup version 0.29.1-13-g9f3cf754e1 (webtiles) character file.

Game seed: 5282816312597265780

676 croobank the Ducker (level 7, -8/46 HPs)
             Began as an Octopode Transmuter on Jan 26, 2023.
             Mangled by an ogre
             ... wielding a +0 giant spiked club
              (25 damage)
             ... on level 6 of the Dungeon.
             The game lasted 00:13:08 (5649 turns).

croobank the Ducker (Octopode Transmuter)           Turns: 5649, Time: 00:13:09

Health: -8/46      AC:  1    Str:  9    XL:     7   Next: 60%
Magic:  12/12      EV: 14    Int: 18    God:
Gold:   321        SH:  0    Dex: 12    Spells: 7/13 levels left

rFire   . . .      SeeInvis .   r - +2 hand axe (vamp)
rCold   . . .      Faith    .   (no shield)
rNeg    . . .      Spirit   .   (helmet currently unavailable)
rPois   .          Reflect  .   (no amulet)
rElec   .          Harm     .   (no ring)
rCorr   .          Rampage  .   (no ring)
Will    .....                   (no ring)
Stlth   ++........              (no ring)
HPRegen 0.15/turn               (no ring)
MPRegen 0.13/turn               (no ring)
                                (no ring)
                                (no ring)

@: appendages (expiring)
A: tentacle spike 3, almost no armour, amphibious, 8 rings, camouflage 1,
gelatinous body 1, (nimble swimmer 1), tentacles
a: End Transformation


You were on level 6 of the Dungeon.
One of your tentacles had grown a beastly spike.
You visited 2 branches of the dungeon, and saw 7 of its levels.

You collected 321 gold pieces.

Inventory:

Hand Weapons
 g - a +0 rapier
 p - a +0 morningstar
 r - a +2 vampiric hand axe (weapon)
 u - a +1 dagger of flaming
 z - a +0 war axe
Missiles
 j - 6 atropa-tipped darts
Armour
 q - a +1 kite shield
Magical Staves
 v - a staff of earth
 y - a staff of air
 A - a staff of cold
Jewellery
 t - a ring of resist corrosion
 B - a ring of wizardry
Scrolls
 d - a scroll of identify
 e - 2 scrolls of magic mapping
 f - a scroll of fear {unknown}
 l - a scroll of enchant armour
 n - a scroll of teleportation
 o - a scroll of noise {unknown}
 w - a scroll of immolation
Potions
 a - 3 potions of lignification
 b - 2 potions of attraction {unknown}
 c - 3 potions of curing
 h - a potion of mutation
 i - 2 potions of cancellation
 k - a potion of might {unknown}
 m - a potion of flight {unknown}
 s - 2 potions of degeneration {unknown}
 x - a potion of resistance


   Skills:
 + Level 3.1 Fighting
 + Level 2.6 Axes
 + Level 3.8 Dodging
 * Level 1.5 Shields
 - Level 3.3 Unarmed Combat
 + Level 3.5 Spellcasting
 + Level 3.7 Transmutations
 + Level 2.9 Poison Magic


You had 7 spell levels left.
You knew the following spells:

 Your Spells              Type           Power      Damage    Failure   Level
a - Beastly Appendage     Tmut           32%        N/A       3%          1
b - Wereblood             Tmut           16%        N/A       4%          2
c - Spider Form           Tmut/Pois      15%        N/A       12%         3

Your spell library contained the following spells:

 Spells                   Type           Power      Damage    Failure   Level
 Ignite Poison            Fire/Tmut/Pois 11%        N/A       19%         3
 Sublimation of Blood     Necr           3%         N/A       24%         2
 Conjure Flame            Conj/Fire      3%         6-21      43%         3
 Ice Form                 Ice/Tmut       9%         N/A       58%         4
 Sticky Flame             Conj/Fire      3%         2d3       83%         4
 Summon Hydra             Summ           1%         N/A       100%        7


Dungeon Overview and Level Annotations

Branches:
Dungeon (6/15)             Temple (1/1) D:4

Altars:
Ashenzari
Dithmenos
Elyvilon
Fedhas
Kikubaaqudgha
Makhleb
Okawaru
Qazlal
Ru
Sif Muna
Trog
Uskayaw
Vehumet
Xom
Yredelemnul
Zin

Shops:
D:5 *

Annotations:
D:6 Eustachio


Innate Abilities, Weirdness & Mutations

One of your tentacles has grown a beastly spike.
You cannot wear most types of armour.
You are amphibious.
You can wear up to eight rings at the same time.
Your skin changes colour to match your surroundings (Stealth+).
Your rubbery body absorbs attacks. (AC +1, EV +1)
((You are camouflaged when in or above water. (Stealth+)))
You have tentacles for arms and can constrict up to eight enemies at once.


Message History

The scorpion poisons you!
You feel better.
You constrict the scorpion. The scorpion stings you!
As you read the scroll of teleportation, it crumbles to dust.
You feel strangely unstable.
You constrict the scorpion. The scorpion stings you.
Eustachio gestures wildly while chanting.
Eustachio blinks!
A bullfrog comes into view.
You hit the scorpion but do no damage. You squeeze the scorpion.
You feel a bit better.
You kill the scorpion!
Your surroundings suddenly seem different.
Found a blackened ruby ring.
Found a knobbly smoking staff and a scroll of poison.
An ogre comes into view. It is wielding a +0 giant spiked club.
Your primal bloodlust is almost over.
You see here a staff of cold.
A - a staff of cold
There are no items here.
You see here a ring of wizardry.
B - a ring of wizardry Your transformation is almost over.
The ogre closely misses you.
You hit the ogre.
You feel better.
You squeeze the ogre.
The ogre is moderately wounded.
Your primal bloodlust has ended.
The ogre closely misses you.
You hit the ogre.
You feel better.
The ogre is moderately wounded.
The ogre closely misses you.
You hit the ogre but do no damage.
The ogre is moderately wounded.
You hit the ogre.
You pierce the ogre.
The ogre is heavily wounded.
The ogre hits you with a +0 giant spiked club!!
You barely miss the ogre.
Your tentacle-slap misses the ogre.
The ogre is heavily wounded.
The ogre hits you with a +0 giant spiked club!!
Ouch! That really hurt!
You die...

.## ..# .
##.####..
#####.......
#.... #....
#..O# #..#
#@###..#
#......#
###..#.#
#..#.#
#?.#..
#..#...
...#..##
.##..... 8
8#....


You could see an ogre.

Vanquished Creatures
  An ogre (D:4)
  2 scorpions
  2 jellies
  3 hounds
  4 iguanas
  Robin (D:3)
  7 adders
  A white imp (D:4)
  2 ufetubi
  2 dart slugs
  3 worms
  10 orcs
  7 ball pythons
  5 bats
  8 endoplasms
  5 giant cockroaches
  14 goblins
  9 hobgoblins
  A jackal (D:3)
  12 kobolds
  6 quokkas
  5 frilled lizards
  9 rats
119 creatures vanquished.

Vanquished Creatures (others)
  2 plants (D:4)
2 creatures vanquished.

Grand Total: 121 creatures vanquished

Notes
Turn   | Place    | Note
-------+----------+-------------------------------------------
     0 | D:1      | croobank the Octopode Transmuter began the quest for the
                  | Orb.
     0 | D:1      | Reached XP level 1. HP: 13/13 MP: 3/3
   232 | D:1      | Reached XP level 2. HP: 11/18 MP: 5/5
   345 | D:1      | Learned a level 2 spell: Wereblood
   899 | D:1      | Reached XP level 3. HP: 14/23 MP: 3/6
   910 | D:1      | Learned a level 3 spell: Spider Form
  1186 | D:2      | Found a faded altar of an unknown god.
  1794 | D:3      | Reached XP level 4. HP: 13/29 MP: 4/7
  1988 | D:3      | Noticed a moth of wrath
  2278 | D:3      | Found a sacrificial altar of Ru.
  2397 | D:3      | Noticed Robin
  2410 | D:3      | Killed Robin
  2411 | D:3      | Reached skill level 1 in Poison Magic
  2504 | D:3      | Reached skill level 1 in Axes
  2939 | D:3      | Reached XP level 5. HP: 34/34 MP: 4/8
  3345 | D:3      | Found a bloodstained altar of Trog.
  3866 | D:4      | Noticed an ogre
  3882 | D:4      | Reached XP level 6. HP: 41/41 MP: 5/10
  4092 | D:4      | Found a basalt altar of Yredelemnul.
  4248 | D:4      | Found a white marble altar of Elyvilon.
  4291 | D:4      | Found a staircase to the Ecumenical Temple.
  4309 | D:4      | Reached XP level 7. HP: 30/45 MP: 8/11
  4316 | Temple   | Entered the Ecumenical Temple
  4633 | D:5      | Entered Level 5 of the Dungeon
  5169 | D:5      | Reached skill level 1 in Shields
  5310 | D:5      | Found Efrav's Neck Hole.
  5624 | D:6      | Noticed Eustachio
  5649 | D:6      | Mangled by an ogre

Illustrated notes

Levels and vault maps discovered:
D:1:      psy_arrival_whirlpool, layout_basic, minmay_misc_feat_nine_boxes
D:2:      layout_rooms, ebering_ecumenical_altar_hall, chequers_jeans,
          hangedman_decor_points, minmay_misc_feat_tower
D:3:      layout_basic, tgw_trog, nicolae_ru_the_path_less_chosen,
          minmay_surrounded, uniq_robin
D:4:      layout_rooms, kennysheep_ying_yang, minmay_temple_entry_gardened_gates
D:5:      layout_cave_pods, nicolae_shop_sticking_my_neck_out, uniq_pikel
D:6:      layout_rooms, serial_shops,
          nicolae_shop_temple_entry_statues_fountains, uniq_eustachio
Temple:   nicolae_temple_x_marks_the_god

Skill      XL: |  1  2  3  4  5  6  7 |
---------------+----------------------+-----
Poison Magic   | 1 2 |  2.9
Axes           | 1 2 |  2.6
Fighting       | 2 3 |  3.1
Dodging        | 3 |  3.8
Transmutations | 3 |  3.7
Spellcasting   | 3 |  3.5
Shields        | 1 |  1.5
Unarmed Combat | |  3.3

Action                   |  1- 3 |  4- 6 |  7- 9 || total
-------------------------+-------+-------+-------++-------
Melee: Unarmed           |     8 |       |     5 ||    13
       Whip              |    62 |       |       ||    62
       Constrict         |    23 |    33 |    11 ||    67
       Tentacles         |    14 |    18 |    10 ||    42
       Kick              |    18 |    29 |    15 ||    62
       Punch             |     1 |       |     1 ||     2
       Hand axe          |       |   116 |    36 ||   152
 Cast: Beastly Appendage |    19 |    25 |     6 ||    50
       Wereblood         |    14 |    23 |     6 ||    43
       Spider Form       |       |       |     1 ||     1
  Use: Scroll            |       |     4 |     8 ||    12
       Potion            |       |     1 |     1 ||     2
 Stab: Sleeping          |     4 |     5 |       ||     9
Armor: Skin              |     8 |     8 |     3 ||    19
Dodge: Dodged            |    46 |    90 |    28 ||   164
